 Dungeon Crawl Stone Soup version 0.30.1-11-g7821555f0a (webtiles) character file.

Game seed: 15411090806836353773

93646 jagang the Cleaver (level 15, -8/126 HPs)
             Began as a Demonspawn Fighter on Dec 14, 2023.
             Was the Champion of Makhleb.
             Mangled by a rakshasa
             ... wielding a +2 trident of freezing
              (10 damage)
             ... on level 14 of the Dungeon.
             The game lasted 01:42:11 (20483 turns).

jagang the Cleaver (Demonspawn Fighter)            Turns: 20483, Time: 01:42:14

Health: -8/126     AC: 36    Str: 28    XL:     15   Next: 61%
Magic:  21/21      EV:  8    Int:  9    God:    Makhleb [******]
Gold:   951        SH:  0    Dex: 17    Spells: 14/14 levels left

rFire   . . .        V - +1 battleaxe (flame)
rCold   + . .        (shield currently unavailable)
rNeg    . . .        D - +15 Maxwell's patent armour {-Cast -Tele rElec Will+ rCorr}
rPois   .            m - +0 helmet
rElec   +            j - scarf {+Inv}
rCorr   +            (gloves unavailable)
SInv    .            u - +0 pair of boots
Will    +++..        R - amulet of regeneration Stlth
                     Q - +6 ring of strength
HPRegen 1.21/turn    y - ring of willpower
MPRegen 0.17/turn

%: no teleportation, no spellcasting, clarity
@: invisible
A: demonic guardian 2, ignite blood 2, sharp scales 3, demonic touch 3, agile 1,
clarity, cold resistance 1, low MP 1
a: Renounce Religion, Evoke Invisibility, Minor Destruction, Lesser Servant of
Makhleb, Major Destruction, Greater Servant of Makhleb


You were on level 14 of the Dungeon.
You worshipped Makhleb.
Makhleb was exalted by your worship.
You visited 4 branches of the dungeon, and saw 22 of its levels.
You also visited: Ossuary and Bailey.

You collected 2584 gold pieces.
You spent 1633 gold pieces at shops.

Inventory:

Hand Weapons
 e - the +9 executioner's axe of the Grave {pain, rPois rCorr Str+2 Int+3}
   (You acquired it on level 1 of the Lair of Beasts)

   Str:       It affects your strength (+2).
   Int:       It affects your intelligence (+3).
   rPois:     It protects you from poison.
   rCorr:     It protects you from acid and corrosion.
 V - a +1 battleaxe of flaming (weapon)
Missiles
 i - 5 javelins
 G - 9 atropa-tipped darts
 L - 4 silver boomerangs
 P - 4 boomerangs of dispersal
 S - 16 curare-tipped darts (quivered)
 X - 8 datura-tipped darts
Armour
 f - +0 fire dragon scales
 j - a scarf of invisibility (worn)
 m - a +0 helmet (worn)
 u - a +0 pair of boots (worn)
 D - the +15 Maxwell's patent armour (worn) {-Cast -Tele rElec Will+ rCorr}
   (You found it on level 2 of the Lair of Beasts)

   rElec:     It insulates you from electricity.
   -Cast:     It prevents spellcasting.
   -Tele:     It prevents most forms of teleportation.
   rCorr:     It protects you from acid and corrosion.
   Will:      It increases your willpower.
 M - a +3 plate armour of cold resistance
Jewellery
 s - an amulet of magic regeneration
 t - a ring of protection from fire
 w - a ring of see invisible
 y - a ring of willpower (right hand)
 z - a ring of positive energy
 Q - a +6 ring of strength (left hand)
 R - an amulet of regeneration (around neck)
Wands
 b - a wand of quicksilver (10)
 c - a wand of flame (39)
 C - a wand of paralysis (16)
 H - a wand of iceblast (23)
 O - a wand of polymorph (4)
Scrolls
 h - 2 scrolls of torment
 k - 4 scrolls of magic mapping
 p - 3 scrolls of teleportation
 q - a scroll of brand weapon {unknown}
 F - 3 scrolls of fear
 I - 2 scrolls of vulnerability
 J - 4 scrolls of fog {unknown}
 K - 3 scrolls of amnesia {unknown}
 T - a scroll of identify
 U - 3 scrolls of enchant armour {unknown}
Potions
 a - 2 potions of attraction
 d - 5 potions of might
 g - 14 potions of curing
 l - 6 potions of flight
 n - 3 potions of brilliance
 o - 2 potions of magic
 r - 9 potions of heal wounds
 v - a potion of invisibility
 x - a potion of mutation
 A - 2 potions of haste
 B - a potion of cancellation {unknown}
 E - 2 potions of resistance
 N - 4 potions of berserk rage
Miscellaneous
 Y - a phantom mirror


   Skills:
 * Level 14.1 Fighting
 * Level 14.7(14.8) Axes
 - Level 2.2(9.8) Maces & Flails
 - Level 5.1 Throwing
 + Level 11.0 Armour
 - Level 10.0 Shields
 + Level 1.2 Necromancy
 + Level 11.4 Invocations
 - Level 5.0 Evocations


You had 14 spell levels left.
You didn't know any spells.
Your spell library contained the following spells:

 Spells                   Type           Power      Damage    Failure   Level
 Kiss of Death            Conj/Necr      4%         2d5       94%         1
 Apportation              Tloc           0%         N/A       97%         1
 Beastly Appendage        Tmut           0%         N/A       97%         1
 Slow                     Hex            0%         N/A       97%         1
 Lesser Beckoning         Tloc           0%         N/A       99%         2
 Wereblood                Tmut           0%         N/A       99%         2
 Vampiric Draining        Necr           2%         2d6       99%         3
 Confusing Touch          Hex            0%         N/A       100%        3
 Gell's Gravitas          Tloc           0%         N/A       100%        3
 Inner Flame              Hex/Fire       0%         N/A       100%        3
 Portal Projectile        Hex/Tloc       0%         N/A       100%        3
 Spider Form              Tmut/Pois      0%         N/A       100%        3
 Stone Arrow              Conj/Erth      0%         3d7       100%        3
 Summon Guardian Golem    Hex/Summ       0%         N/A       100%        3
 Teleport Other           Tloc           0%         N/A       100%        3
 Tukima's Dance           Hex            0%         N/A       100%        3
 Vhi's Electric Charge    Tloc/Air       0%         N/A       100%        3
 Animate Armour           Summ/Erth      0%         N/A       100%        4
 Dispel Undead            Necr           2%         3d7       100%        4
 Leda's Liquefaction      Hex/Erth       0%         N/A       100%        4
 Alistair's Intoxication  Tmut/Pois      0%         N/A       100%        5
 Arcjolt                  Conj/Air       0%         1d10      100%        5
 Blade Hands              Tmut           0%         N/A       100%        5
 Fireball                 Conj/Fire      0%         3d3       100%        5
 Iskenderun's Battlesphe  Conj           0%         2d6       100%        5
 Lee's Rapid Deconstruct  Erth           0%         3d4*      100%        5
 Yara's Violent Unravell  Hex/Tmut       0%         3d3       100%        5
 Conjure Ball Lightning   Conj/Air       0%         3x3d6     100%        6
 Dispersal                Tloc           0%         N/A       100%        6
 Simulacrum               Ice/Necr       0%         N/A       100%        6
 Statue Form              Tmut/Erth      0%         N/A       100%        6
 Enfeeble                 Hex            0%         N/A       100%        7
 Orb of Destruction       Conj           0%         9d5       100%        7
 Ozocubu's Refrigeration  Ice            0%         4d7       100%        7
 Spellforged Servitor     Conj/Summ      0%         N/A       100%        7
 Lehudib's Crystal Spear  Conj/Erth      0%         10d2      100%        8
 Maxwell's Capacitive Co  Air            0%         ∞         100%        8
 Polar Vortex             Ice            0%         N/A       100%        9


Dungeon Overview and Level Annotations

Branches:
Dungeon (14/15)            Temple (1/1) D:6            Lair (5/5) D:10
 Shoals (0/4) Lair:3        Snake (0/4) Lair:3        Slime (0/5) Lair:4
    Orc (2/2) D:10            Elf (0/3) Orc:2        Vaults (0/5) D:13
Ossuary (visited)          Bailey (visited)

Altars:
Cheibriados
Dithmenos
Fedhas
Gozag
Hepliaklqana
Kikubaaqudgha
Makhleb
Okawaru
Qazlal
Sif Muna
Trog
Uskayaw
Vehumet
Wu Jian
Xom
Yredelemnul

Shops:
D:4 [:   D:12 !   D:13 *   Orc:1 =*(   Orc:2 *(:**

Portals:
Pandemonium: Orc:2


Innate Abilities, Weirdness & Mutations

A demonic guardian rushes to your aid.
Your demonic aura often causes spilled blood to erupt in flames.
You are completely covered in razor-sharp scales. (AC +3, Slay +3)
Your touch may irresistibly damage your foes and sap their willpower.
You are agile. (Dex +4, Str/Int -1)
You possess an exceptional clarity of mind.
Your flesh is cold resistant. (rC+)
Your magical capacity is low. (-10% MP)


Message History

The six-headed hydra bites you but does no damage.
The six-headed hydra bites you.
* * * LOW HITPOINT WARNING * * *
The six-headed hydra bites you but does no damage.
Your Necromancy skill increases to level 1!
Unknown command.
You slash the rakshasa! You burn the rakshasa.
The rakshasa is lightly wounded.
You chop one of the six-headed hydra's heads off!
The flame cauterises the wound!
You slash the five-headed hydra! You burn the five-headed hydra!
The five-headed hydra is engulfed in blazing flames.
You kill the five-headed hydra!
Makhleb accepts your kill.
You feel better.
The rakshasa is engulfed in blazing flames.
The rakshasa hits you with a +2 trident of freezing.
The rakshasa freezes you.
The centaur warrior wields a +0 longbow.
The centaur warrior shoots an arrow.
The arrow hits you.
* * * LOW HITPOINT WARNING * * *
The centaur warrior shoots an arrow.
The arrow hits you but does no damage.
You slice the rakshasa!! You burn the rakshasa.
The rakshasa is almost dead.
The injured rakshasa weaves a defensive illusion!
The centaur warrior shoots an arrow.
The arrow barely misses you.
The centaur warrior shoots an arrow.
The arrow hits you!
* * * LOW HITPOINT WARNING * * *
The rakshasa is engulfed in blazing flames.
You kill the rakshasa!
The rakshasa shimmers and vanishes!
The centaur warrior shoots an arrow.
The arrow hits you!
* * * LOW HITPOINT WARNING * * *
You fade into invisibility!
The centaur warrior shoots an arrow.
The arrow hits you!
* * * LOW HITPOINT WARNING * * *
The centaur warrior shoots an arrow.
The arrow hits you.
* * * LOW HITPOINT WARNING * * *
The rakshasa hits you from afar with a +2 trident of freezing!
You die...

.. .. ..######
###.# ........
....### #......#
....... ....c#
.....#. .. #.cc.
.......
#..#.#†####...###.
#.....c@°.<.......
#.####○#.##.#####.
#R#.##....
#..........
#(#(#....#...
.....##...# ..
###.### ..... .
#.# ...#. ... ...


You could see a rakshasa and 4 centaur warriors.

Vanquished Creatures
  Gastronok (Lair:2)
  An orc warlord (Orc:2)
  Nessos (D:13)
  An ettin (Orc:2)
  A fire dragon (D:12)
  Harold (Lair:2)
  Josephine (Lair:3)
  4 hydras
  An ogre mage (D:13)
  2 demonspawn (Orc:2)
  4 centaur warriors
  4 boulder beetles
  Erica (Orc:1)
  A death knight (D:12)
  5 two-headed ogres
  A tengu warrior (D:13)
  4 death yaks (Lair:2)
  5 orc high priests (Orc:2)
  Sonja (Lair:2)
  2 skysharks
  A skeletal warrior (D:12)
  A deep elf pyromancer (D:12)
  6 orc knights
  9 orc sorcerers
  2 wolf spiders (Lair:5)
  3 ugly things
  4 oklob plants (Lair:3)
  6 cyclopes
  5 manticores
  A cyclops (shapeshifter) (D:13)
  A salamander (Lair:3)
  7 black mambas
  A guardian serpent (Lair:5)
  19 cane toads
  A torpor snail (Lair:1)
  A kobold demonologist (D:12)
  2 gargoyles
  An unseen horror (D:11)
  8 komodo dragons
  4 rime drakes
  A tengu conjurer (D:12)
  5 polar bears
  A hellwing (Orc:2)
  A meliai (D:12)
  3 hornets
  5 trolls
  7 dream sheep
  13 blink frogs
  2 slime creatures (D:12)
  Sigmund (D:2)
  A shadow (D:13)
  10 wyverns
  54 yaks
  8 wraiths
  5 vampires
  16 humans (D:13)
  5 basilisks
  A basilisk (shapeshifter) (D:13)
  3 redbacks (Lair:5)
  A steam dragon (D:7)
  20 vampire mosquitoes
  2 wargs (Orc:2)
  3 acid dragons
  21 water moccasins
  A floating eye (Lair:3)
  31 orc warriors
  5 black bears
  An ice beast (D:6)
  4 sky beasts
  10 ogres
  16 wolves
  9 centaurs
  2 phantoms
  10 kobold brigands
  9 bullfrogs
  2 gnoll sergeants
  6 scorpions
  3 wights
  4 electric eels (D:10)
  4 howler monkeys
  3 lava snakes (Lair:3)
  A gnoll bouda (D:5)
  2 hounds
  2 jellies
  Crazy Yiuf (D:2)
  A sleepcap (D:5)
  20 orc priests
  3 iguanas
  24 orc wizards
  2 mummies (Ossuary)
  Robin (D:2)
  3 adders
  19 gnolls
  2 shadow imps
  2 white imps
  A worm (D:3)
  86 orcs
  5 endoplasms
  4 giant cockroaches
  3 gnoll zombies (Ossuary)
  18 goblins
  14 hobgoblins
  A quokka (D:3)
  6 ball pythons
  9 bats
  5 frilled lizards
  A goblin zombie (Ossuary)
  4 hobgoblin zombies (Ossuary)
  39 kobolds
  6 orc zombies (Ossuary)
  2 rats (D:3)
721 creatures vanquished.

Vanquished Creatures (collateral kills)
  A boulder beetle (D:12)
  A black mamba (Lair:5)
  A hornet (D:8)
  A blink frog (Lair:5)
  A yak (Lair:5)
  A water moccasin (Lair:5)
  3 orc warriors
  A wight (D:6)
  2 orc priests
  Natasha (D:2)
  An orc wizard (D:3)
  8 orcs
  An endoplasm (D:3)
  A jackal (D:3)
  A quokka (D:3)
  A bat (D:3)
26 creatures vanquished.

Grand Total: 747 creatures vanquished

Notes
Turn   | Place    | Note
-------+----------+-------------------------------------------
     0 | D:1      | jagang the Demonspawn Fighter began the quest for the Orb.
     0 | D:1      | Reached XP level 1. HP: 18/18 MP: 1/1
   182 | D:1      | Gained mutation: A weak demonic guardian rushes to your
                  | aid. [demonic ancestry]
   182 | D:1      | Reached XP level 2. HP: 21/24 MP: 2/2
   254 | D:1      | Found a faded altar of an unknown god.
   839 | D:2      | Noticed Robin
   845 | D:2      | Gained mutation: Your demonic aura sometimes causes spilled
                  | blood to erupt in flames. [demonic ancestry]
   845 | D:2      | Reached XP level 3. HP: 28/29 MP: 3/3
   849 | D:2      | Killed Robin
  1103 | D:2      | Noticed Natasha
  1113 | D:2      | Killed Natasha
  1114 | D:2      | Reached skill level 1 in Axes
  1114 | D:2      | Reached XP level 4. HP: 4/37 MP: 4/4
  1340 | D:2      | Noticed Sigmund
  1351 | D:2      | Killed Sigmund
  1352 | D:2      | Gained mutation: A demonic guardian rushes to your aid.
                  | [demonic ancestry]
  1352 | D:2      | Reached XP level 5. HP: 43/43 MP: 5/5
  1496 | D:2      | Found a runed translucent door.
  1497 | D:2      | Noticed Crazy Yiuf
  1521 | D:2      | Killed Crazy Yiuf
  1522 | D:2      | Reached XP level 6. HP: 43/49 MP: 6/6
  2292 | D:3      | Found a stormy altar of Qazlal.
  2466 | D:4      | Found Yhes Ere's Armour Emporium.
  2466 | D:4      | Found Goshaist's Book Boutique.
  2916 | D:4      | Reached skill level 5 in Fighting
  2990 | D:4      | Reached XP level 7. HP: 56/56 MP: 7/7
  3466 | D:5      | Entered Level 5 of the Dungeon
  3682 | D:5      | Reached skill level 1 in Throwing
  4016 | D:5      | Gained mutation: You are partially covered in razor-sharp
                  | scales. (AC +1, Slay +1) [demonic ancestry]
  4016 | D:5      | Reached XP level 8. HP: 63/64 MP: 8/8
  4238 | D:5      | Found a shadowy altar of Dithmenos.
  4244 | D:5      | Found a shimmering altar of Xom.
  4298 | D:5      | Found a hazy altar of Hepliaklqana.
  4658 | D:6      | Found a staircase to the Ecumenical Temple.
  4680 | Temple   | Entered the Ecumenical Temple
  4690 | Temple   | Became a worshipper of Makhleb the Destroyer
  4737 | D:6      | Reached skill level 5 in Axes
  5045 | D:6      | Reached * piety under Makhleb
  5167 | D:6      | Reached skill level 5 in Shields
  5178 | D:6      | Gained mutation: Your touch may inflict minor irresistible
                  | damage on your foes. [demonic ancestry]
  5178 | D:6      | Reached XP level 9. HP: 60/72 MP: 9/9
  5202 | D:6      | Reached skill level 5 in Armour
  5223 | D:6      | Reached ** piety under Makhleb
  5775 | D:6      | Identified 2 scrolls of acquirement
  5777 | D:6      | Acquired the +1 plate armour of Honour {Fly rElec}
  5790 | D:6      | Acquired the +9 war axe of Baidurph {freeze, rPois rF++
                  | Int+4}
  5885 | D:7      | Found a sand-covered staircase.
  5894 | Ossuary  | Entered an ossuary
  5906 | Ossuary  | Reached skill level 1 in Invocations
  6180 | D:7      | Reached *** piety under Makhleb
  6638 | D:8      | Gained mutation: You are mostly covered in razor-sharp
                  | scales. (AC +2, Slay +2) [demonic ancestry]
  6638 | D:8      | Reached XP level 10. HP: 56/81 MP: 12/12
  6880 | D:8      | Found a flagged portal.
  6889 | Bailey   | Entered a bailey
  6987 | Bailey   | Found the +4 Cigotuvi's embrace {Corpsefed rMiasma Drain
                  | rN+}
  7013 | Bailey   | Found an iron altar of Okawaru.
  8011 | D:9      | Reached **** piety under Makhleb
  8017 | D:9      | Reached skill level 5 in Invocations
  8961 | D:10     | Entered Level 10 of the Dungeon
  8990 | D:10     | Gained mutation: Your demonic aura often causes spilled
                  | blood to erupt in flames. [demonic ancestry]
  8990 | D:10     | Reached XP level 11. HP: 89/89 MP: 14/14
  9040 | D:10     | Reached skill level 5 in Throwing
  9070 | D:10     | Found a staircase to the Lair.
  9097 | Lair:1   | Entered Level 1 of the Lair of Beasts
  9252 | D:10     | Reached skill level 10 in Fighting
  9268 | D:10     | Identified the +4 sling of Zuecas {freeze, rElec Str+4}
  9360 | D:10     | Found a staircase to the Orcish Mines.
  9400 | D:10     | Reached skill level 1 in Evocations
  9712 | D:10     | Reached ***** piety under Makhleb
 10669 | D:12     | Noticed a boulder beetle
 10670 | D:12     | Noticed a cyan ugly thing
 10686 | D:11     | Killed a boulder beetle
 10875 | D:12     | Killed a cyan ugly thing
 10932 | D:12     | Noticed a boulder beetle
 10932 | D:12     | Noticed a boulder beetle
 10933 | D:12     | Noticed a green ugly thing
 10944 | D:12     | Killed a boulder beetle
 10945 | D:12     | Reached XP level 12. HP: 53/100 MP: 15/15
 10956 | D:12     | Killed a boulder beetle
 11214 | Orc:1    | Entered Level 1 of the Orcish Mines
 11269 | Orc:1    | Found Utwanudomm's Weapon Shop.
 11492 | Orc:2    | Entered Level 2 of the Orcish Mines
 11492 | Orc:2    | Found Gusoon's General Store.
 11497 | Orc:2    | Noticed an orc warlord
 11526 | Orc:2    | Reached skill level 10 in Axes
 11532 | Orc:2    | Killed an orc warlord
 11537 | Orc:2    | Bought an amulet of regeneration for 480 gold pieces
 11742 | Orc:2    | Found a staircase to the Elven Halls.
 11969 | Orc:2    | Found Onlaofan's General Store.
 11970 | Orc:2    | Found Loint's General Store.
 12036 | Orc:2    | Noticed an orc high priest
 12039 | Orc:2    | Noticed a cacodemon
 12046 | Orc:2    | HP: 5/101 [orc knight/bolt (19)]
 12093 | Orc:2    | Killed an orc high priest
 12094 | Orc:2    | Reached skill level 5 in Evocations
 12202 | Orc:2    | Bought a scroll of identify for 28 gold pieces
 12204 | Orc:2    | Bought a scroll of enchant weapon for 105 gold pieces
 12204 | Orc:2    | Bought a potion of berserk rage for 70 gold pieces
 12421 | Orc:2    | Noticed an ettin
 12437 | Orc:2    | Killed an ettin
 12458 | Orc:2    | Gained mutation: You are completely covered in razor-sharp
                  | scales. (AC +3, Slay +3) [demonic ancestry]
 12458 | Orc:2    | Reached XP level 13. HP: 102/107 MP: 15/17
 12715 | Orc:2    | Reached ****** piety under Makhleb
 12742 | Orc:2    | Paralysed by an orc sorcerer for 2 turns
 12757 | Orc:2    | Found Faod's Antique Weapon Boutique.
 12757 | Orc:2    | Found a one-way gate leading to the halls of Pandemonium.
 12757 | Orc:2    | Found Cotas's Book Shop.
 13089 | Orc:1    | Found Livvy's Jewellery Emporium.
 13196 | Orc:1    | Found Kadut's Assorted Antiques.
 13206 | Orc:1    | Bought a potion of curing for 69 gold pieces
 13206 | Orc:1    | Bought a scroll of enchant weapon for 172 gold pieces
 13206 | Orc:1    | Bought a potion of curing for 69 gold pieces
 13206 | Orc:1    | Bought a potion of berserk rage for 115 gold pieces
 13206 | Orc:1    | Bought a scroll labelled XUQ UGRANKY for 23 gold pieces
 13232 | Orc:1    | Noticed Erica
 13236 | Orc:1    | Killed Erica
 14153 | Lair:1   | You are sucked into a shaft and drop 1 floor!
 14643 | Lair:2   | Noticed Harold
 14651 | Lair:2   | Killed Harold
 14749 | Lair:2   | Noticed Gastronok
 14759 | Lair:2   | Killed Gastronok
 14876 | Lair:2   | Noticed Sonja
 14879 | Lair:2   | Killed Sonja
 14880 | Lair:2   | Gained mutation: Your touch may inflict irresistible damage
                  | on your foes. [demonic ancestry]
 14880 | Lair:2   | Reached XP level 14. HP: 115/116 MP: 18/20
 15128 | Lair:2   | Found the +15 Maxwell's patent armour {-Cast -Tele rElec
                  | Will+ rCorr}
 15377 | Lair:3   | Found a staircase to the Shoals.
 15492 | Lair:3   | Identified the +1 ring mail of the Echidna {rN+ rCorr}
 15505 | Lair:3   | Noticed Josephine
 15511 | Lair:3   | Paralysed by a floating eye for 3 turns
 15516 | Lair:3   | Killed Josephine
 15519 | Lair:3   | Paralysed by a floating eye for 3 turns
 15640 | Lair:3   | Paralysed by a floating eye for 4 turns
 16070 | Lair:3   | Found a staircase to the Snake Pit.
 16399 | Lair:4   | Found a staircase to the Slime Pits.
 17213 | Lair:5   | Entered Level 5 of the Lair of Beasts
 17307 | Lair:5   | Reached skill level 10 in Shields
 17432 | Lair:1   | Acquired the +9 executioner's axe of the Grave {pain, rPois
                  | rCorr Str+2 Int+3}
 17554 | D:4      | Bought a +1 pair of gloves of dexterity for 214 gold pieces
 17833 | Lair:5   | Reached skill level 10 in Armour
 17847 | Lair:5   | Identified the amulet of Asceticism {Spirit Harm Dex+3}
 18085 | Lair:5   | Reached skill level 10 in Invocations
 18472 | Lair:5   | Gained mutation: Your touch may irresistibly damage your
                  | foes and sap their willpower. [demonic ancestry]
 18472 | Lair:5   | Reached XP level 15. HP: 124/124 MP: 22/22
 18488 | Lair:5   | Identified the +1 buckler of the Falcon {+Blink Int+2}
 18880 | Lair:1   | Gained mutation: You possess an exceptional clarity of
                  | mind. [potion of mutation]
 18880 | Lair:1   | Gained mutation: Your flesh is cold resistant. (rC+)
                  | [potion of mutation]
 18880 | Lair:1   | Gained mutation: Your magical capacity is low. (-10% MP)
                  | [potion of mutation]
 18880 | Lair:1   | Gained mutation: You are agile. (Dex +4, Str/Int -1)
                  | [potion of mutation]
 19123 | D:12     | Identified the +12 dagger "Arbiter" {holy, Will++ Int+5}
 19215 | D:12     | Identified the staff of air "Xuchewewn" {rElec rPois rN+
                  | Dex-3}
 19292 | D:12     | Identified the +0 scale mail "Nopekhad" {rF- Int+6}
 19710 | D:12     | Found Geyminep's Distillery.
 19713 | D:12     | Bought a potion of haste for 120 gold pieces
 19713 | D:12     | Bought a potion of attraction for 36 gold pieces
 19713 | D:12     | Bought a potion of heal wounds for 60 gold pieces
 19713 | D:12     | Bought 2 potions of curing for 72 gold pieces
 19815 | D:13     | Found Enimomer's Blood Bar.
 19888 | D:13     | Noticed Nessos
 19891 | D:13     | Found a gate to the Vaults.
 19900 | D:13     | Killed Nessos
 20481 | D:14     | Reached skill level 1 in Necromancy
 20483 | D:14     | HP: 5/126 [centaur warrior/arrow (8)]
 20483 | D:14     | HP: 2/126 [centaur warrior/arrow (3)]
 20483 | D:14     | Mangled by a rakshasa

Illustrated notes

Levels and vault maps discovered:
D:1:      roderic_chinese_lattice_arrival, layout_basic,
          chequers_ecumenical_altar_island
D:2:      layout_basic, uniq_robin, uniq_crazy_yiuf_cottage, uniq_natasha,
          uniq_sigmund
D:3:      layout_rooms, mainiacjoe_overflow_brackets, minmay_circle_x
D:4:      nicolae_BIG_FREAKIN_CUBE, layout_basic, serial_shops, shop,
          minmay_misc_feat_alley, nicolae_stop_n_shop_2, minivault_23
D:5:      layout_loops_ring, minmay_overflow_temple_star_quad
D:6:      corexii_shantytown, layout_rooms, minmay_temple_entry_waves,
          chequers_serial_rivers_large_a
D:7:      layout_loops_ring, enter_ossuary_1
D:8:      layout_gridville, enter_bailey_8, nrook_pool_corridor
D:9:      layout_layer_cave, minmay_misc_feat_secret_circle
D:10:     layout_long_grid, erik_lair_island, hiddenorc2_lemuel,
          kennysheep_generic_room_7
D:11:     layout_loops_cross
D:12:     minmay_the_grid_octo_tiled_squarecenter
          [minmay_the_grid_octo_concentric, minmay_the_grid_octo_fat_diamond,
          minmay_the_grid_octo_tetromino_candy, minmay_the_grid_octo_clover,
          minmay_the_grid_square_5x5_megaprize_diamond,
          minmay_the_grid_square_5x5_meh,
          minmay_the_grid_square_5x5_intrusive_squares,
          minmay_the_grid_square_5x5_almost_minimal,
          minmay_the_grid_square_5x5_tie], layout_irregular_city, serial_shops,
          nicolae_shop_pleasant_corner_grove
D:13:     layout_roguey, david_vaults_3, guppyfry_shop_blood
D:14:     layout_basic, minmay_crystal_water,
          portal_ice_cave_entry_frozen_things
Temple:   dpeg_three_leaves_temple
Lair:1:   layout_loops_ring
Lair:2:   layout_chaotic_city, dreamdust_deal_with_the_devil,
          grunt_megastairs_1, uniq_sonja, uniq_gastronok, uniq_harold
Lair:3:   layout_regular_city, minmay_shoals_entry_centaurs,
          nicolae_snake_entry_warm_welcome, disabler_island,
          infiniplex_staircase_pool, uniq_josephine
Lair:4:   layout_cellular_growth, slime_entry_1, lemuel_fruit_tree,
          grunt_megastairs_5
Lair:5:   hangedman_lair_tendril_chambers, layout_cave_pods, st_stairs_11
Orc:1:    layout_diamond_mine, serial_shops, shop, shop,
          nicolae_shop_bloodbath_and_beyond, uniq_erica
Orc:2:    pf_orc_diabolical, layout_diamond_mine, basic_altar, serial_shops,
          shop, hellmonk_guarded_unrand_dark_maul

Skill      XL: |  1  2  3  4  5  6  7  8  9 10 11 12 13 14 15 |
---------------+----------------------------------------------+-----
Maces & Flails | 2 |  2.2
Armour         | 3 4 5 6 7 8 9 10 11 | 11.0
Shields        | 3 4 5 6 7 8 9 10 | 10.0
Axes           | 1 2 3 4 5 6 8 9 10 12 13 14 | 14.7
Fighting       | 4 5 6 7 8 9 11 12 13 14 | 14.1
Throwing       | 1 2 3 4 5 |  5.1
Invocations    | 2 5 8 10 11 | 11.4
Evocations     | 3 5 |  5.0
Necromancy     | 1 |  1.2

Action                     |  1- 3 |  4- 6 |  7- 9 | 10-12 | 13-15 || total
---------------------------+-------+-------+-------+-------+-------++-------
  Melee: Flail             |   108 |    43 |       |       |       ||   151
         Whip              |       |   160 |   414 |       |       ||   574
         War axe           |       |       |    61 |   374 |   238 ||   673
         Battleaxe         |       |       |       |       |   130 ||   130
         Executioner's axe |       |       |       |       |   224 ||   224
  Throw: Dart              |       |       |     5 |    57 |    14 ||    76
         Javelin           |       |       |       |     2 |     7 ||     9
 Invoke: Greater Servant o |       |       |       |     1 |       ||     1
  Evoke: Wand              |       |       |       |       |     2 ||     2
    Use: Scroll            |       |       |     9 |    11 |     7 ||    27
         Potion            |       |       |       |     5 |     2 ||     7
 Armour: Scale mail        |    65 |    94 |   193 |       |       ||   352
         Chain mail        |       |    39 |       |       |       ||    39
         Plate armour      |       |       |    53 |   270 |   513 ||   836
  Dodge: Dodged            |    54 |    93 |   146 |    96 |   225 ||   614
  Block: Buckler           |    19 |       |       |       |       ||    19
         Kite shield       |       |   112 |   265 |   214 |   104 ||   695
